 Dungeon Crawl Stone Soup version 0.29.1-15-g9cfb28693d (webtiles) character file.

Game seed: 14138137015973461731

13881 Gustavia the Carver (level 11, -2/99 HPs)
             Began as a Grey Draconian Berserker on Mar 23, 2023.
             Was an Elder of Trog.
             Slain by an 11-headed hydra (3 damage)
             ... on level 2 of the Lair of Beasts.
             The game lasted 00:58:59 (14965 turns).

Gustavia the Carver (Grey Draconian Berserker)     Turns: 14965, Time: 00:59:00

Health: -2/99      AC: 18    Str: 21    XL:     11   Next: 81%
Magic:  11/11      EV: 12    Int:  7    God:    Trog [****..]
Gold:   752        SH:  0    Dex: 14    Spells: 10/10 levels left

rFire   . . .      SeeInvis .   t - +2 scimitar (freeze)
rCold   . . .      Faith    .   (no shield)
rNeg    . . .      Spirit   .   (body armour unavailable)
rPois   .          Reflect  .   d - +0 hat
rElec   .          Harm     .   (no cloak)
rCorr   .          Rampage  .   g - +0 pair of gloves
Will    .....      Rage     3%  m - +0 pair of boots
Stlth   +++.......              (no amulet)
HPRegen 0.26/turn               c - +4 ring of protection
MPRegen 0.12/turn               i - +4 ring of evasion

@: held
A: AC +12, amphibious, unfitting armour, cold-blooded, talons 1, berserk 1
a: Renounce Religion, Berserk, Trog's Hand, Brothers in Arms


You were on level 2 of the Lair of Beasts.
You worshipped Trog.
Trog was greatly pleased with you.
You visited 3 branches of the dungeon, and saw 11 of its levels.

You collected 752 gold pieces.

Inventory:

Hand Weapons
 t - a +2 scimitar of freezing (weapon)
Missiles
 u - 4 throwing nets (quivered)
Armour
 d - a +0 hat (worn)
 g - a +0 pair of gloves (worn)
 m - a +0 pair of boots (worn)
Jewellery
 b - a ring of poison resistance
 c - a +4 ring of protection (left hand)
 e - a ring of ice
 h - a ring of magical power
 i - a +4 ring of evasion (right hand)
 k - a +4 ring of evasion
 q - a ring of poison resistance
Wands
 p - a wand of polymorph (12)
Scrolls
 a - 6 scrolls of fog
 f - a scroll of fear
 o - a scroll of silence
 r - a scroll of identify
 w - a scroll of teleportation
Potions
 j - 6 potions of curing
 l - 2 potions of flight
 n - 2 potions of attraction
 s - 2 potions of ambrosia


   Skills:
 + Level 10.0 Fighting
 + Level 13.7 Long Blades
 + Level 9.4 Dodging
 + Level 4.6 Stealth


You had 10 spell levels left.
You didn't know any spells.
Your spell library was empty.

Dungeon Overview and Level Annotations

Branches:
Dungeon (8/15)             Temple (1/1) D:4            Lair (2/5) D:8
 Spider (0/4) Lair:2
  Swamp: Lair:2-3    Shoals: Lair:2-3

Altars:
Ashenzari
Cheibriados
Dithmenos
Elyvilon
Fedhas
Gozag
Hepliaklqana
Kikubaaqudgha
Okawaru
Qazlal
Sif Muna
Trog
Vehumet
Wu Jian
Xom
Zin


Innate Abilities, Weirdness & Mutations

Your dull iron-grey scales are very hard. (AC +12)
You are amphibious.
You cannot fit into any form of body armour.
You are cold-blooded and may be slowed by cold attacks.
You have sharp toenails.
You sometimes lose your temper in combat.


Message History

The ten-headed hydra completely misses you.
The ten-headed hydra bites you but does no damage.
The ten-headed hydra bites you.
The ten-headed hydra closely misses you.
The ten-headed hydra barely misses you. x2
The ten-headed hydra bites you but does no damage.
The ten-headed hydra misses you.
The ten-headed hydra closely misses you.
The ten-headed hydra bites you.
You hack one of the ten-headed hydra's heads off!
The nine-headed hydra grows two more!
You hit the 11-headed hydra. You freeze the 11-headed hydra.
You tail-slap the 11-headed hydra.
The 11-headed hydra is heavily wounded.
The bullfrog hits you but does no damage.
The 11-headed hydra completely misses you. x2
The 11-headed hydra closely misses you.
The 11-headed hydra bites you but does no damage.
The 11-headed hydra misses you. The 11-headed hydra barely misses you.
The 11-headed hydra bites you but does no damage.
The 11-headed hydra closely misses you. x2; The 11-headed hydra bites you!
* * * LOW HITPOINT WARNING * * *
The 11-headed hydra misses you. The bullfrog closely misses you.
The bullfrog attacks as you move away! The bullfrog hits you.
* * * LOW HITPOINT WARNING * * *
You are caught in the web!
The bullfrog hits you but does no damage.
There is a web here.
You struggle to detach yourself from the web.
The 11-headed hydra bites you.
* * * LOW HITPOINT WARNING * * *
The 11-headed hydra misses you.
The 11-headed hydra bites you but does no damage.
The 11-headed hydra bites you!
* * * LOW HITPOINT WARNING * * *
The 11-headed hydra bites you but does no damage.
The 11-headed hydra closely misses you. The 11-headed hydra barely misses you.
The 11-headed hydra bites you but does no damage. x2
The 11-headed hydra completely misses you.
The 11-headed hydra bites you.
You die...

.................#.###
.............#.......#
................^....#
...........^.^..^....##
............^^...^....#
..........^.^^^...^..P#
#P##.......^^.^^^^^..##
*###.....^.^..>.^^..##
##...(^..^..^@..^#
*#....^.^^^.^DF..#
#P.......^^^..^..#
##.......^^^.....#
*#P.........^.....#
*...........#.#.P.##
*#........P#######.#
*........## ###
*,.......,*


You could see a 11-headed hydra and a bullfrog.

Vanquished Creatures
  Fannar (Lair:1)
  Harold (Lair:1)
  5 elephants (Lair:2)
  2 cane toads (Lair:2)
  A komodo dragon (Lair:2)
  A kobold demonologist (D:8)
  The ghost of EarthwalkerPL the Covered, an amateur MiFi (D:7)
  A queen bee (Lair:1)
  A hornet (D:8)
  4 blink frogs (Lair:2)
  5 wyverns
  11 yaks
  A basilisk (D:8)
  A steam dragon (D:7)
  Edmund (D:6)
  5 water moccasins
  3 black bears
  2 ice beasts (D:7)
  3 orc warriors
  2 sky beasts
  A centaur (D:5)
  3 ogres
  4 phantoms
  A kobold brigand (D:6)
  5 bullfrogs
  2 gnoll sergeants
  2 scorpions
  A necrophage (D:6)
  13 wights
  13 killer bees (Lair:1)
  4 howler monkeys (D:8)
  3 jellies
  4 orc priests
  2 gnoll boudas
  9 iguanas
  7 orc wizards
  4 hell rats (Lair:1)
  14 adders
  17 gnolls
  A white imp (D:6)
  An ufetubus (D:7)
  4 worms
  A dart slug (D:4)
  28 orcs
  13 endoplasms
  A giant cockroach (D:1)
  2 hobgoblins (D:4)
  4 jackals (D:4)
  2 quokkas
  7 ball pythons
  2 bats
  2 frilled lizards
  10 goblins
  11 kobolds
  4 rats
254 creatures vanquished.

Vanquished Creatures (collateral kills)
  3 yaks (Lair:1)
  2 killer bees (Lair:1)
5 creatures vanquished.

Vanquished Creatures (others)
  2 bushes (D:8)
  7 fungi
  31 plants
40 creatures vanquished.

Grand Total: 299 creatures vanquished

Notes
Turn   | Place    | Note
-------+----------+-------------------------------------------
     0 | D:1      | Gustavia the Draconian Berserker began the quest for the
                  | Orb.
     0 | D:1      | Reached XP level 1. HP: 19/19 MP: 1/1
   292 | D:1      | Found a faded altar of an unknown god.
   400 | D:1      | Reached XP level 2. HP: 26/26 MP: 2/2
   885 | D:2      | Reached XP level 3. HP: 29/33 MP: 3/3
  1571 | D:3      | Found a shimmering blue altar of Sif Muna.
  1588 | D:3      | Found an ancient bone altar of Kikubaaqudgha.
  1722 | D:3      | Reached XP level 4. HP: 37/40 MP: 4/4
  1730 | D:3      | Reached ** piety under Trog
  1731 | D:3      | Reached skill level 4 in Long Blades
  2457 | D:4      | Reached XP level 5. HP: 46/46 MP: 5/5
  2581 | D:4      | Reached skill level 5 in Long Blades
  2582 | D:4      | Found a broken altar of Ashenzari.
  2638 | D:4      | Found a stormy altar of Qazlal.
  2707 | D:4      | Reached skill level 1 in Stealth
  2777 | D:4      | Reached XP level 6. HP: 32/52 MP: 6/6
  3421 | D:4      | Found a staircase to the Ecumenical Temple.
  3665 | Temple   | Entered the Ecumenical Temple
  3760 | D:4      | Found a shadowy altar of Dithmenos.
  4038 | D:5      | Entered Level 5 of the Dungeon
  4062 | D:5      | You fall into a shaft and drop 1 floor!
  4082 | D:6      | Reached *** piety under Trog
  4397 | D:6      | Reached skill level 6 in Long Blades
  4397 | D:6      | Your scales start taking on a dull iron-grey colour.
  4397 | D:6      | Reached XP level 7. HP: 47/57 MP: 7/7
  4681 | D:5      | Reached skill level 5 in Dodging
  4939 | D:5      | Reached skill level 5 in Fighting
  4964 | D:5      | Gained mutation: You sometimes lose your temper in combat.
                  | [potion of mutation]
  4964 | D:5      | Gained mutation: You have sharp toenails. [potion of
                  | mutation]
  5207 | D:5      | Reached skill level 7 in Long Blades
  5207 | D:5      | Reached XP level 8. HP: 68/68 MP: 8/8
  5694 | D:6      | Noticed Edmund
  5730 | D:6      | Killed Edmund
  5912 | D:6      | Found a shimmering altar of Xom.
  6302 | D:6      | Reached skill level 8 in Long Blades
  7266 | D:7      | Reached XP level 9. HP: 37/75 MP: 9/9
  7621 | D:7      | Reached skill level 9 in Long Blades
  7903 | D:7      | Found a shimmering blue altar of Sif Muna.
  8335 | D:7      | Noticed a moth of wrath
  8337 | D:7      | Found a bloodstained altar of Trog.
  8372 | D:7      | Found a runed translucent gate.
  8373 | D:7      | Found a runed translucent gate.
  8374 | D:7      | Found a runed translucent gate.
  8377 | D:7      | Noticed EarthwalkerPL's ghost (amateur MiFi)
  8391 | D:7      | Reached **** piety under Trog
  8398 | D:7      | Killed EarthwalkerPL's ghost
  8405 | D:7      | Reached skill level 10 in Long Blades
  9273 | D:8      | Paralysed by a hornet for 2 turns
  9840 | D:8      | Reached XP level 10. HP: 86/86 MP: 10/10
 10181 | D:8      | Reached skill level 11 in Long Blades
 10753 | D:8      | Found a staircase to the Lair.
 11767 | Lair:1   | Entered Level 1 of the Lair of Beasts
 11801 | Lair:1   | Reached skill level 12 in Long Blades
 11873 | Lair:1   | Reached XP level 11. HP: 62/95 MP: 11/11
 12381 | Lair:1   | Noticed Fannar
 12841 | Lair:1   | Noticed Harold
 12878 | Lair:1   | Killed Harold
 12931 | Lair:1   | Killed Fannar
 13977 | Lair:2   | Reached skill level 13 in Long Blades
 14654 | Lair:2   | Found an ornate altar of the Wu Jian Council.
 14682 | Lair:2   | Reached skill level 10 in Fighting
 14904 | Lair:2   | Found a hole to the Spider Nest.
 14939 | Lair:2   | Noticed a six-headed hydra
 14965 | Lair:2   | HP: 1/99 [11-headed hydra (13)]
 14965 | Lair:2   | Slain by an 11-headed hydra

Illustrated notes

Levels and vault maps discovered:
D:1:      scummos_arrival_simple_fountains, layout_loops_ring,
          hellmonk_ecumenical_altar_pennies_from_heaven, dk_noncrumbling_4
D:2:      layout_rooms, minmay_distorted
D:3:      layout_basic, nicolae_sif_muna_little_library, lemuel_tele_altar
D:4:      layout_loops_ring, nicolae_overflow_squiral,
          grunt_dithmenos_smoke_and_mirrors, minmay_temple_entry_arrows,
          hangedman_decor_clover_reticule
D:5:      cheibrodos_helix_gallery, layout_basic
D:6:      layout_cave_pools, xom_teletrap_fun, uniq_edmund
D:7:      layout_cave_pods, tgw_trog, gammafunk_ghost_split,
          minmay_ruined_shrine
D:8:      layout_loops_ring, minmay_lair_entry_grove
Temple:   hellmonk_temple_two_chambers
Lair:1:   layout_layer_cave, special_room [special_room_bee], uniq_harold,
          uniq_fannar
Lair:2:   layout_big_grid, spider_nest_entry_web_field, basic_altar,
          wad_woods_03

Skill      XL: |  1  2  3  4  5  6  7  8  9 10 11 |
---------------+----------------------------------+-----
Dodging        | 3 4 5 6 7 8 9 |  9.4
Fighting       | 4 5 6 7 8 10 | 10.0
Long Blades    | 4 5 6 7 8 10 12 13 | 13.7
Stealth        | 1 2 3 4 |  4.6

Action                   |  1- 3 |  4- 6 |  7- 9 | 10-12 || total
-------------------------+-------+-------+-------+-------++-------
Melee: Falchion          |    87 |   252 |   268 |       ||   607
       Tailslap          |     7 |    40 |    61 |    64 ||   172
       Punch             |     1 |       |     6 |     6 ||    13
       Long sword        |       |       |   212 |       ||   212
       Scimitar          |       |       |     9 |   403 ||   412
Invok: Berserk           |     1 |     4 |     2 |     1 ||     8
       Trog's Hand       |       |     2 |       |     3 ||     5
       Brothers in Arms  |       |       |       |     2 ||     2
  Use: Scroll            |     7 |     3 |     5 |     3 ||    18
       Potion            |     5 |     4 |     3 |     4 ||    16
 Stab: Sleeping          |     2 |     1 |       |     3 ||     6
Armor: Skin              |    29 |    88 |   183 |   154 ||   454
Dodge: Dodged            |    79 |   297 |   446 |   453 ||  1275
